 Dungeon Crawl Stone Soup version 0.30-a0-40-gc6d0f036a7 (webtiles) character file.

Game seed: 9699252999369655920

2632 funkygono the Firebug (level 9, -2/48 HPs)
             Began as a Gargoyle Fire Elementalist on Aug 29, 2022.
             Was a Follower of Vehumet.
             Slain by an orc warrior
             ... wielding a +0 dire flail
              (17 damage)
             ... on level 8 of the Dungeon.
             The game lasted 00:13:34 (8357 turns).

funkygono the Firebug (Gargoyle Fire Elementalist)  Turns: 8357, Time: 00:13:34

Health: -2/48      AC: 11    Str: 18    XL:     9   Next: 61%
Magic:  15/18      EV: 12    Int: 21    God:    Vehumet [*.....]
Gold:   425        SH:  5    Dex: 10    Spells: 13/21 levels left

rFire   + . .      SeeInvis .    v - +6 dire flail
rCold   x . .      Faith    .    (shield currently unavailable)
rNeg    + . .      Spirit   .    y - +0 leather armour
rPois   ∞          Reflect  +    (no helmet)
rElec   +          Harm     .    (no cloak)
rCorr   +          Rampage  .    (no gloves)
Will    .....                    n - +1 pair of boots
Stlth   ++........               x - amulet of reflection
HPRegen 0.16/turn                k - ring of resist corrosion
MPRegen 0.16/turn                t - ring of Zekem {Fire Str+7}

@: studying Evocations
A: sickness immunity, AC +6, negative energy resistance 1, electricity
resistance, torment resistance 1, petrification resistance
a: Renounce Religion


You were on level 8 of the Dungeon.
You worshipped Vehumet.
Vehumet was aware of your devotion.
You visited 2 branches of the dungeon, and saw 10 of its levels.

You collected 425 gold pieces.

Inventory:

Hand Weapons
 e - a +2 whip of pain
 p - a +0 flail
 v - a +6 dire flail (weapon)
Missiles
 s - 3 throwing nets
Armour
 a - a +0 robe
 n - a +1 pair of boots (worn)
 q - a +0 buckler
 y - a +0 leather armour (worn)
Jewellery
 j - a +6 ring of strength
 k - a ring of resist corrosion (left hand)
 t - the ring of Zekem (right hand) {Fire Str+7}
   (You acquired it on level 6 of the Dungeon)

   [ring of fire]

   It enhances your fire magic.
   Str:       It affects your strength (+7).
   rF:        It protects you from fire.
   rC:        It makes you vulnerable to cold.
 x - an amulet of reflection (around neck)
 B - a +4 ring of slaying
Wands
 r - a wand of flame (46)
Scrolls
 d - 2 scrolls of teleportation
 i - 3 scrolls of butterflies
 m - a scroll of brand weapon
 z - a scroll of identify
 A - a scroll of enchant armour
Potions
 b - 3 potions of magic
 c - a potion of heal wounds
 f - a potion of ambrosia
 g - a potion of attraction
 h - 3 potions of curing
 l - 2 potions of haste
 o - 5 potions of lignification
 u - a potion of invisibility
 w - 4 potions of mutation


   Skills:
 + Level 2.2 Fighting
 + Level 3.9 Maces & Flails
 + Level 0.5 Armour
 + Level 3.1 Dodging
 + Level 3.8 Stealth
 + Level 1.9 Shields
 + Level 6.5 Spellcasting
 + Level 4.7 Conjurations
 + Level 7.2 Fire Magic
 + Level 3.0 Earth Magic


You had 13 spell levels left.
You knew the following spells:

 Your Spells              Type           Power      Damage    Failure   Level
a - Foxfire               Conj/Fire      100%       2x1d9     1%          1
b - Scorch                Fire           100%       2d10      1%          2
c - Flame Wave            Conj/Fire      48%        2d12      10%         4
d - Sandblast             Erth           38%        2d10      3%          1

Your spell library contained the following spells:

 Spells                   Type           Power      Damage    Failure   Level
 Conjure Flame            Conj/Fire      48%        6-21      2%          3
 Static Discharge         Conj/Air       32%        3-5/arc   6%          2
 Inner Flame              Hex/Fire       33%        N/A       8%          3
 Gell's Gravitas          Tloc           6%         N/A       32%         3
 Lesser Beckoning         Tloc           6%         N/A       32%         3
 Teleport Other           Tloc           6%         N/A       32%         3
 Lightning Bolt           Conj/Air       8%         1d20      75%         5
 Maxwell's Capacitive Co  Air            3%         ∞         100%        8


Dungeon Overview and Level Annotations

Branches:
Dungeon (9/15)             Temple (1/1) D:4
   Lair: D:8-11         Orc: D:9-12

Altars:
Ashenzari
Cheibriados
Dithmenos
Fedhas
Gozag
Hepliaklqana
Kikubaaqudgha
Makhleb
Nemelex Xobeh
Okawaru
Qazlal
Ru
Sif Muna
Trog
Uskayaw
Vehumet
Wu Jian
Xom
Zin
The Shining One


Innate Abilities, Weirdness & Mutations

You are immune to sickness and miasma.
Your stone body is resilient. (AC +6)
You are immune to poison.
You resist negative energy. (rN+)
You are resistant to electric shocks. (rElec)
You are resistant to unholy torment.
You are immune to petrification.


Message History

The wight is heavily damaged.
The wight barely misses you.
Casting: Scorch (safe; 1% risk of failure)
Confirm with . or Enter, or press ? or * to list all spells.
You feel a surge of power!
Flames lash the wight.
The wight is burned terribly!
You destroy the wight!
Vehumet accepts your kill.
Things that are here:
a +6 dire flail; a +0 robe Unknown command.
v - a +6 dire flail
v - a +6 dire flail (weapon)
Unknown command.
You start resting.
HP restored.
There is a stone staircase leading down here.
You start resting.
Magic restored.
You climb downwards.
The orc warrior hits you with a +0 dire flail!
The wight hits you but does no damage.
There is a stone staircase leading up here.
Casting: Scorch (safe; 1% risk of failure)
Confirm with . or Enter, or press ? or * to list all spells.
You feel a surge of power!
You conjure some foxfire!
The wight hits you with a +1 long sword!
The orc warrior hits you with a +0 dire flail!
* * * LOW HITPOINT WARNING * * *
Casting: Foxfire (safe; 1% risk of failure)
Confirm with . or Enter, or press ? or * to list all spells.
You feel a surge of power!
Flames lash the orc warrior.
The orc warrior is lightly wounded.
The orc warrior's fire resistance burns away.
You hear an angry growl.
The foxfire hits the wight.
The wight is lightly damaged.
The wight hits you but does no damage. The orc warrior misses you.
The wight hits you but does no damage.
The orc warrior hits you with a +0 dire flail!
You die...

...(.#.#........
#=##.....#.#######
#.##...<.<.#
.....####### #.#
#.# #.# ###z##
#.o@.#
#....o###.....#
....[ ###.. ....
#.. ##


You could see an orc warrior (combustible), a wight and an orc.

Vanquished Creatures
  A water moccasin (D:4)
  An ice beast (D:5)
  An orc warrior (D:6)
  A sky beast (D:5)
  A black bear (D:4)
  4 ogres
  A kobold brigand (D:6)
  2 necrophages
  2 bullfrogs
  5 scorpions
  4 wights
  2 electric eels (D:5)
  A howler monkey (D:6)
  2 jellies
  A gnoll bouda (D:6)
  3 orc priests
  5 hounds
  Jessica (D:2)
  An iguana (D:5)
  Natasha (thrice) (D:2)
  3 orc wizards
  14 gnolls
  13 adders
  3 white imps
  3 worms
  2 dart slugs
  4 orcs
  6 bats
  5 endoplasms
  6 giant cockroaches
  4 goblins
  4 hobgoblins
  11 kobolds
  4 quokkas
  15 ball pythons
  5 frilled lizards
  6 rats
150 creatures vanquished.

Vanquished Creatures (collateral kills)
  4 foxfires (D:5)
4 creatures vanquished.

Vanquished Creatures (others)
  392 foxfires
  7 plants (D:5)
399 creatures vanquished.

Grand Total: 553 creatures vanquished

Notes
Turn   | Place    | Note
-------+----------+-------------------------------------------
     0 | D:1      | funkygono the Gargoyle Fire Elementalist began the quest
                  | for the Orb.
     0 | D:1      | Reached XP level 1. HP: 10/10 MP: 3/3
   261 | D:1      | Reached XP level 2. HP: 15/15 MP: 1/5
   578 | D:1      | Reached XP level 3. HP: 19/19 MP: 3/6
   581 | D:1      | Learned a level 2 spell: Scorch
   843 | D:1      | Found a faded altar of an unknown god.
  1209 | D:2      | Noticed Natasha
  1215 | D:2      | Killed Natasha
  1216 | D:2      | Reached skill level 4 in Fire Magic
  1216 | D:2      | Reached XP level 4. HP: 24/24 MP: 1/7
  1430 | D:2      | Noticed Jessica
  1437 | D:2      | Killed Jessica
  1529 | D:2      | Found a broken altar of Ashenzari.
  1715 | D:2      | Noticed Natasha
  1722 | D:2      | Killed Natasha
  1723 | D:2      | Reached XP level 5. HP: 15/28 MP: 1/9
  2668 | D:2      | Noticed Natasha
  2674 | D:2      | Killed Natasha
  2675 | D:2      | Reached XP level 6. HP: 33/33 MP: 6/10
  2780 | D:2      | Learned a level 4 spell: Flame Wave
  2992 | D:3      | Found a burning altar of Makhleb.
  2994 | D:3      | Found a broken altar of Ashenzari.
  2994 | D:3      | Found an ancient bone altar of Kikubaaqudgha.
  2995 | D:3      | Found a glowing golden altar of the Shining One.
  2997 | D:3      | Found a shimmering blue altar of Sif Muna.
  3289 | D:3      | Reached skill level 1 in Maces & Flails
  3820 | D:4      | Noticed a water moccasin
  3826 | D:4      | Killed a water moccasin
  3940 | D:4      | Found a staircase to the Ecumenical Temple.
  3976 | Temple   | Entered the Ecumenical Temple
  3996 | Temple   | Became a worshipper of Vehumet
  4118 | D:4      | Reached XP level 7. HP: 37/37 MP: 6/12
  4206 | D:4      | Reached skill level 5 in Fire Magic
  4325 | D:4      | Reached skill level 1 in Fighting
  4544 | D:5      | Entered Level 5 of the Dungeon
  4857 | D:5      | Reached XP level 8. HP: 16/43 MP: 3/14
  5172 | D:5      | Found a transporter.
  5197 | D:5      | Reached skill level 6 in Fire Magic
  5294 | D:5      | Found a transporter.
  5317 | D:5      | Reached skill level 5 in Spellcasting
  5462 | D:5      | Reached * piety under Vehumet
  5462 | D:5      | Offered knowledge of Sandblast by Vehumet.
  5683 | D:5      | Learned a level 1 spell: Sandblast
  6133 | D:6      | Reached XP level 9. HP: 48/48 MP: 12/17
  6427 | D:6      | Reached skill level 1 in Earth Magic
  6852 | D:6      | Found a sacrificial altar of Ru.
  6913 | D:6      | HP: 1/48 [orc warrior/+0 dire flail (13)]
  7362 | D:6      | Identified a scroll of acquirement
  7362 | D:6      | Acquired the ring of Zekem {Fire Str+7}
  7534 | D:7      | You fall into a shaft and drop 2 floors!
  7556 | D:7      | Reached skill level 7 in Fire Magic
  7638 | D:7      | Reached skill level 1 in Shields
  8357 | D:8      | Slain by an orc warrior

Illustrated notes

Levels and vault maps discovered:
D:1:      dpeg_arrival_prison, layout_basic,
          dreamdust_ecumenical_altar_angels_and_demons
D:2:      layout_basic, basic_altar, minmay_snake_closets, uniq_natasha,
          uniq_jessica
D:3:      layout_basic, grunt_temple_overflow_open, serial_corexii_hall,
          corexii_hall_statues_x, corexii_hall_statues_l,
          chequers_hall_statues_y, chequers_hall_statues_corner_a
D:4:      layout_gridville, minmay_temple_entry_offerings
D:5:      gammafunk_steamed_eel, layout_rooms, grunt_ministairs_4
D:6:      layout_cave_pools, kennysheep_little_box, minmay_misc_feat_diagonals,
          grunt_ministairs_3, minmay_manual_moon
D:7:      layout_cave_pools, corexii_hall_statues_x
D:8:      nicolae_cairo_tiling_large_dashed, layout_loops_cross,
          mainiacjoe_overflow_brackets, lemuel_tele_altar,
          hellmonk_guarded_unrand_dark_maul
D:9:      gammafunk_boulding_lane, layout_small_grid, nrook_uturn
Temple:   zaba_magenta_temple

Skill      XL: |  1  2  3  4  5  6  7  8  9 |
---------------+----------------------------+-----
Fire Magic     | 4 5 6 7 |  7.2
Dodging        | 2 3 |  3.1
Spellcasting   | 3 4 5 6 |  6.5
Conjurations   | 2 3 4 |  4.7
Maces & Flails | 1 2 3 |  3.9
Stealth        | 3 |  3.8
Fighting       | 1 2 |  2.2
Earth Magic    | 3 |  3.0
Shields        | 1 |  1.9
Armour         | |  0.5

Action                   |  1- 3 |  4- 6 |  7- 9 || total
-------------------------+-------+-------+-------++-------
Melee: Unarmed           |     9 |       |       ||     9
       Whip              |    22 |    66 |   151 ||   239
       Punch             |       |       |     3 ||     3
 Cast: Foxfire           |    27 |    88 |   111 ||   226
       Scorch            |       |    10 |    33 ||    43
       Sandblast         |       |       |    21 ||    21
       Flame Wave        |       |       |     1 ||     1
  Use: Scroll            |       |    12 |     9 ||    21
       Potion            |       |       |     1 ||     1
 Stab: Sleeping          |       |     2 |       ||     2
Armor: Robe              |    15 |    22 |    47 ||    84
       Leather armour    |       |       |    10 ||    10
Dodge: Dodged            |    17 |    45 |   110 ||   172
Block: Other             |       |       |    30 ||    30

Table legend: (Time is in decaauts)
 A = Elapsed time spent in this place.
 B = Non-inter-level travel time spent in this place.
 C = Inter-level travel time spent in this place.
 D = Time resting spent in this place.
 E = Time spent auto-exploring this place.
 F = Levels seen in this place.
 G = Mean time per level.
                   A        B        C        D        E       F      G
               +--------+--------+--------+--------+--------+-----+--------+
         Total |   8370 |   8186 |    184 |    575 |   6220 |  10 |  837.0 |
       Dungeon |   8286 |   8122 |    164 |    575 |   6165 |   9 |  920.7 |
        Temple |     83 |     64 |     19 |      0 |     55 |   1 |   83.0 |
               +--------+--------+--------+--------+--------+-----+--------+

Top non-repeatable levels by time:
     D:2: 1593 daAuts
     D:5: 1518 daAuts
     D:6: 1435 daAuts
     D:1: 1205 daAuts
     D:3: 919 daAuts
     D:7: 831 daAuts
     D:4: 746 daAuts
  Temple: 83 daAuts
     D:8: 30 daAuts
     D:9: 5 daAuts
